 Dungeon Crawl Stone Soup version 0.31.0-11-ge490571c62 (webtiles) character file.

Game seed: 7073993111795796965

1222 Esekla the Magician (level 8, 42/42 HPs)
             Began as a Vine Stalker Warper on Jan 31, 2024.
             Quit the game in the Ecumenical Temple.
             The game lasted 00:31:11 (4003 turns).

Esekla the Magician (Vine Stalker Warper)           Turns: 4003, Time: 00:31:11

Health: 42/42      AC:  5    Str: 14    XL:     8   Next: 47%
Magic:  16/16      EV: 17    Int: 15    God:
Gold:   238        SH:  0    Dex: 14    Spells: 14/16 levels left

rFire   . . .        v - +2 dagger (venom)
rCold   . . .        (no shield)
rNeg    . . .        b - +0 leather armour
rPois   .            u - +2 hat
rElec   .            (no cloak)
rCorr   .            (no gloves)
SInv    .            (no boots)
Will    +....        (no amulet)
Stlth   ++           A - +5 ring of evasion
HPRegen 1.07/turn    (no ring)
MPRegen 0.15/turn

%: guardian spirit
@: no status effects
A: fangs 3, regeneration 1, magic shield, antimagic bite, no potion heal 2
a: no special abilities


You were in the Ecumenical Temple.
You visited 2 branches of the dungeon, and saw 9 of its levels.
You also visited: Sewer.

You collected 238 gold pieces.

Inventory:

Hand Weapons
 a - a +0 scimitar
 r - a +0 spear
 v - a +2 dagger of venom (weapon)
Missiles
 d - 2 darts of dispersal
 t - 4 curare-tipped darts
 w - 3 boomerangs
 y - 6 poisoned darts (quivered)
Armour
 b - a +0 leather armour (worn)
 u - a +2 hat (worn)
Jewellery
 A - a +5 ring of evasion (left hand)
Wands
 k - a wand of roots (6)
 s - a wand of quicksilver (5)
Scrolls
 c - a scroll of blinking
 g - 4 scrolls of immolation {unknown}
 i - a scroll of revelation {unknown}
 j - a scroll of poison {unknown}
 m - 2 scrolls of enchant weapon {unknown}
 n - 2 scrolls of teleportation {unknown}
 q - a scroll of fog {unknown}
 x - 2 scrolls of enchant armour {unknown}
 z - a scroll of brand weapon {unknown}
Potions
 e - 6 potions of curing
 f - a potion of attraction {unknown}
 h - a potion of magic
 l - 2 potions of berserk rage
 o - a potion of might
 p - a potion of haste {unknown}


   Skills:
 * Level 4.7 Fighting
 + Level 3.0(3.6) Short Blades
 + Level 3.0(3.6) Long Blades
 + Level 1.2 Throwing
 - Level 0.7 Armour
 + Level 3.5 Dodging
 + Level 2.8 Stealth
 * Level 4.8 Spellcasting
 + Level 4.0 Translocations
 + Level 1.3 Evocations


You had 14 spell levels left.
You knew the following spells:

 Your Spells              Type           Power      Damage    Failure   Level
b - Blink                 Tloc           30%        N/A       6%          2

Your spell library contained the following spells:

 Spells                   Type           Power      Damage    Failure   Level
 Lesser Beckoning         Tloc           30%        N/A       6%          2
 Teleport Other           Tloc           15%        N/A       12%         3
 Volatile Blastmotes      Fire/Tloc      18%        2d11      26%         3
 Manifold Assault         Tloc           15%        N/A       36%         4
 Iskenderun's Mystic Bla  Conj/Tloc      9%         2d4       65%         4
 Vhi's Electric Charge    Tloc/Air       18%        N/A       65%         4
 Fulminant Prism          Conj/Alch      1%         3d5       91%         4


Dungeon Overview and Level Annotations

Branches:
Dungeon (8/15)             Temple (1/1) D:5           Sewer (visited)
   Lair: D:8-11

Altars:
Ashenzari
Cheibriados
Dithmenos
Elyvilon
Gozag
Hepliaklqana
Kikubaaqudgha
Makhleb
Nemelex Xobeh
Okawaru
Qazlal
Ru
Sif Muna
Trog
Uskayaw
Wu Jian
Xom
Yredelemnul
Zin
The Shining One
Lugonu

Shops:
D:7 =

Annotations:
D:4 Sigmund


Innate Abilities, Weirdness & Mutations

You have razor-sharp teeth.
Your natural rate of healing is unusually fast.
When hurt, damage is shared between your health and your magic reserves.
Your bite disrupts and absorbs the magic of your enemies.
Potions cannot restore your health.


Message History

The bombardier beetle is moderately wounded.
The bombardier beetle misses you.
You hit the bombardier beetle.
The bombardier beetle looks even sicker.
You bite the bombardier beetle.
You kill the bombardier beetle!
Your Short Blades skill increases to level 3!
You now have 234 gold pieces (gained 11).
Found 4 gold pieces.
You now have 238 gold pieces (gained 4).
Found a staircase to the Ecumenical Temple.
A hound comes into view.
The hound bites you but does no damage.
There is a staircase to the Ecumenical Temple here.
You hit the hound.
The hound is poisoned.
The hound is lightly wounded.
The hound barely misses you. The hound bites you but does no damage.
You barely miss the hound. You bite the hound. You drain its power.
The hound is heavily wounded.
The hound bites you.
You hit the hound.
The hound looks as sick as possible!
Your bite misses the hound.
The hound is severely wounded.
The hound barely misses you.
You hit the hound.
The hound looks as sick as possible!
The hound is almost dead.
The hound barely misses you. The hound bites you.
You hit the hound but do no damage. You bite the hound.
You kill the hound!
There is a staircase to the Ecumenical Temple here.
You climb downwards.
Welcome to the Ecumenical Temple!
Found a staircase back to the Dungeon.
There is a staircase back to the Dungeon here.
Search for what [Enter for "robe", or ? for help]?
Vehumet Can't find anything matching that.
Are you sure you want to abandon this character and quit the game? (Confirm with "yes".)
Okay, then.
Are you sure you want to abandon this character and quit the game? (Confirm with "yes".)
Okay, then.
Are you sure you want to abandon this character and quit the game? (Confirm with "yes".)

...###...###._.##
#...#..#..##....#
.⌠#P#.._..._.⌠..#
..≈≈#..#..#≈≈...#
.P.###...###._.##
#.## #.≈## #####
≈..###...#########
.≈..............P#
._......#..#....@#
.#.##....≈..#...P#
...###..##########
#.## #...# #####
._.###..≈###._.##
...##...≈.#..#..#
#⌠._#.#_..._≈⌠..#
#≈..#.....#.....#
...####..###._###


There were no monsters in sight!

Vanquished Creatures
  Pikel (D:5)
  An orc warrior (D:6)
  A black bear (D:4)
  3 scorpions
  2 bombardier beetles (D:5)
  2 hounds
  2 orc wizards
  A hell rat (Sewer)
  4 gnolls
  3 adders
  2 river rats (Sewer)
  2 white imps (D:6)
  2 ufetubi (D:7)
  2 dart slugs (D:1)
  13 orcs
  4 endoplasms
  7 giant cockroaches
  7 goblins
  4 hobgoblins
  8 jackals
  2 quokkas
  5 ball pythons
  3 bats
  6 kobolds
  6 rats (Sewer)
93 creatures vanquished.

Vanquished Creatures (others)
  5 dream sheep (D:6)
5 creatures vanquished.

Grand Total: 98 creatures vanquished

Notes
Turn   | Place    | Note
-------+----------+-------------------------------------------
     0 | D:1      | Esekla the Vine Stalker Warper began the quest for the Orb.
     0 | D:1      | Reached XP level 1. HP: 11/11 MP: 4/4
    25 | D:1      | Reached skill level 1 in Throwing
   102 | D:1      | Reached XP level 2. HP: 13/15 MP: 4/6
   110 | D:1      | Learned a level 2 spell: Blink
   465 | D:1      | Reached XP level 3. HP: 17/17 MP: 8/8
   815 | D:3      | Found a glowing drain.
   924 | Sewer    | Entered a sewer
   954 | Sewer    | Reached XP level 4. HP: 7/23 MP: 3/9
  1014 | Sewer    | Reached skill level 1 in Evocations
  1044 | D:3      | Found a snail-covered altar of Cheibriados.
  1153 | D:5      | Entered Level 5 of the Dungeon
  1184 | D:6      | Noticed a scorpion
  1194 | D:6      | Noticed a scorpion
  1213 | D:4      | Found a stormy altar of Qazlal.
  1213 | D:4      | Found a hazy altar of Hepliaklqana.
  1216 | D:4      | Found a glowing silver altar of Zin.
  1295 | D:4      | Reached XP level 5. HP: 21/27 MP: 7/10
  1338 | D:4      | Noticed Sigmund
  1758 | D:3      | Reached skill level 1 in Stealth
  2035 | D:3      | Reached XP level 6. HP: 21/32 MP: 5/11
  2244 | D:4      | Noticed a black bear
  2261 | D:4      | Killed a black bear
  2356 | D:4      | You fall into a shaft and drop 1 floor!
  2578 | D:4      | Found a bloodstained altar of Trog.
  2588 | D:4      | Found a burning altar of Makhleb.
  2670 | D:4      | Found an ancient bone altar of Kikubaaqudgha.
  2674 | D:4      | Found a sacrificial altar of Ru.
  3018 | D:4      | Reached skill level 1 in Short Blades
  3154 | D:6      | Noticed a dream sheep
  3154 | D:6      | Noticed a dream sheep
  3154 | D:6      | Noticed a dream sheep
  3154 | D:6      | Noticed a dream sheep
  3154 | D:6      | Noticed a dream sheep
  3154 | D:6      | Found a shimmering altar of Xom.
  3156 | D:6      | Killed a dream sheep
  3156 | D:6      | Killed a dream sheep
  3156 | D:6      | Killed a dream sheep
  3157 | D:6      | Killed a dream sheep
  3157 | D:6      | Killed a dream sheep
  3447 | D:7      | Found Ywaoj's Jewellery Boutique.
  3605 | D:6      | Reached XP level 7. HP: 30/36 MP: 13/13
  3614 | D:6      | Found an ornate altar of the Wu Jian Council.
  3813 | D:5      | Found a broken altar of Ashenzari.
  3861 | D:5      | Noticed Pikel
  3879 | D:5      | Killed Pikel
  3880 | D:5      | Gained mutation: You have razor-sharp teeth. [Vine Stalker
                  | growth]
  3880 | D:5      | Reached XP level 8. HP: 30/42 MP: 9/16
  3989 | D:5      | Found a staircase to the Ecumenical Temple.
  4002 | Temple   | Entered the Ecumenical Temple
  4003 | Temple   | Quit the game

Illustrated notes

Levels and vault maps discovered:
D:1:      zaba_arrival_water, layout_loops_corners, basic_ecumenical_altar
D:2:      layout_rooms
D:3:      layout_basic, cheibriados_altar_1, portal_sewer_entry_f
D:4:      layout_cave_pods, mainiacjoe_overflow_paths,
          grunt_temple_overflow_open, nicolae_overflow_hidden_temple,
          uniq_sigmund
D:5:      layout_basic, lemuel_doored_altar, minmay_temple_entry_arrows,
          nicolae_elevator_lobby_plus, uniq_pikel
D:6:      layout_loops_ring, nicolae_overflow_crystal_walls,
          kb_xom_exploding_sheep, uniq_eustachio, uniq_crazy_yiuf_cottage
D:7:      layout_basic, serial_shops, shop, uniq_jeremiah
D:8:      layout_cave_pools, nicolae_concentric_dashed_squares_mild
Temple:   kb_corrupted_temple

Skill      XL: |  1  2  3  4  5  6  7  8 |
---------------+-------------------------+-----
Throwing       | 1 |  1.2
Fighting       | 2 3 4 |  4.7
Long Blades    | 2 3 |  3.0
Evocations     | 1 |  1.3
Spellcasting   | 3 4 |  4.8
Dodging        | 2 3 |  3.5
Stealth        | 1 2 |  2.8
Short Blades   | 1 2 3 |  3.0
Translocations | 4 |  4.0
Armour         | |  0.7

Action                     |  1- 3 |  4- 6 |  7- 9 || total
---------------------------+-------+-------+-------++-------
  Melee: Falchion          |   108 |    36 |       ||   144
         Bite              |    22 |    44 |    26 ||    92
         Punch             |     3 |     4 |       ||     7
         Dagger            |     1 |   121 |    75 ||   197
  Throw: Dart              |       |     5 |       ||     5
   Cast: Blink             |       |     4 |       ||     4
  Evoke: Wand              |       |     3 |       ||     3
    Use: Scroll            |     5 |     2 |       ||     7
   Stab: Sleeping          |       |     2 |       ||     2
 Armour: Leather armour    |    77 |    99 |    25 ||   201
  Dodge: Dodged            |    87 |   120 |    31 ||   238
